 Dungeon Crawl Stone Soup version 0.18-a0-1312-gf98331d (webtiles) character file.

53 Oddball22 the Insei (level 3, 0/17 HPs)
             Began as a Vine Stalker Transmuter on Feb 14, 2016.
             Succumbed to an adder's poison
             ... on level 2 of the Dungeon.
             The game lasted 00:03:29 (937 turns).

Oddball22 the Insei (Vine Stalker Transmuter)        Turns: 937, Time: 00:03:29

Health: 0/17       AC:  3    Str: 12    XL:     3   Next: 89%
Magic:  4/7        EV: 13    Int: 13    God:
Gold:   42         SH:  0    Dex: 15    Spells: 2 memorised, 3 levels left

rFire  . . .     SeeInvis .       - Unarmed
rCold  . . .     Gourm    .     b - +0 robe
rNeg   . . .     Faith    .     (no shield)
rPois  .         Spirit   +     (no helmet)
rElec  .         Dismiss  .     k - +0 cloak
rCorr  .         Reflect  .     (no gloves)
SustAt .         Harm     .     (no boots)
MR     .....                    (no amulet)
Stlth  +.........               (no ring)
                                (no ring)

@: lethally poisoned (0 -> -1), flying, not resistant to hostile enchantments,
very unstealthy
A: fangs 2, regeneration 1, magic shield, antimagic bite, no device heal 3, rot
immunity
a: no special abilities


You were on level 2 of the Dungeon.
You were not hungry.

You visited 1 branch of the dungeon, and saw 2 of its levels.

You collected 42 gold pieces.

Inventory:

Missiles
 a - 53 arrows
 h - 24 bolts
Armour
 b - a +0 robe (worn)
 k - a +0 cloak (worn)
Wands
 j - a wand of confusion (14/48)
Scrolls
 i - a scroll of blinking {unknown}
 l - a scroll of teleportation {unknown}
 m - 3 scrolls of remove curse {unknown}
Potions
 e - 2 potions of flight
Books
 c - a book of Changes

   Spells                             Type                      Level
   a - Beastly Appendage              Transmutation                1
   b - Sticks to Snakes               Transmutation                2
   c - Spider Form                    Transmutation/Poison         3
   d - Ice Form                       Ice/Transmutation            4
   e - Blade Hands                    Transmutation                5
Comestibles
 d - a bread ration
 f - 3 chunks of flesh


   Skills:
 - Level 0.8 Fighting
 * Level 2.9 Dodging
 + Level 3.5 Unarmed Combat
 - Level 2.1 Spellcasting
 - Level 2.0 Transmutations


You had 3 spell levels left.
You knew the following spells:

 Your Spells              Type           Power        Failure   Level  Hunger
a - Beastly Appendage     Trmt           #.....       12%         1    ##.....
b - Sticks to Snakes      Trmt           #.......     17%         2    ###....


Dungeon Overview and Level Annotations

Branches:
Dungeon (2/15)

Altars:
The Shining One


Innate Abilities, Weirdness & Mutations

You have extremely sharp teeth.
Your natural rate of healing is unusually fast.
When hurt, damage is shared between your health and your magic reserves.
Your bite disrupts and absorbs the magic of your enemies.
Potions and wands cannot restore your health.
You are immune to rotting.


Message History

Your horns disappear.
* * * LOW HITPOINT WARNING * * *
You feel sick.
You see here a chunk of flesh.
There is a lethal amount of poison in your body!
There is a lethal amount of poison in your body!
Some of the chunks of flesh in your inventory have rotted away.
* * * LOW HITPOINT WARNING * * *
You feel sick.
* * * LOW HITPOINT WARNING * * *
You feel sick.
Drink which item? (? for menu, Esc to quit)
It was a potion of flight.
You feel very buoyant.
You fly up into the air.
Drink which item? (? for menu, Esc to quit)
It was a potion of heal wounds.
That seemed strangely inert.
* * * LOW HITPOINT WARNING * * *
You feel sick.
You die...

############
##.[.........
##.#.#########
########.###.#####
..##....## ##....#
#.##.###.###.###.#
#.##.####.#.## #@#
#[#.#......## #.#
)..###..##### #..
#.#.#.......<.
....
#.##.#.#######
###.. #.##.#.# ..#
#.##(#.# ..#
.#...#.# .#
#.####..


There were no monsters in sight!

Vanquished Creatures
  3 adders (D:2)
  An ooze (D:1)
  3 giant cockroaches (D:1)
  2 goblins (D:1)
  2 hobgoblins (D:2)
  2 jackals (D:2)
  4 bats
  3 kobolds
  3 rats (D:1)
23 creatures vanquished.

Notes
Turn   | Place    | Note
--------------------------------------------------------------
     0 | D:1      | Oddball22 the Vine Stalker Transmuter began the quest for the Orb.
     0 | D:1      | Reached XP level 1. HP: 9/9 MP: 4/4
   127 | D:1      | Reached XP level 2. HP: 14/14 MP: 4/6
   134 | D:1      | Learned a level 2 spell: Sticks to Snakes
   283 | D:1      | Found a glowing golden altar of the Shining One.
   604 | D:2      | Reached XP level 3. HP: 15/17 MP: 7/7
   937 | D:2      | Succumbed to an adder's poison

Vault maps used:
D:1:      dpeg_arrival_round_c, tso_metal_star
D:2:      first_bread

Action                   || total
-------------------------++-------
Melee: Unarmed           ||   101
 Cast: Beastly Appendage ||    10
  Use: Potion            ||     2
 Stab: Sleeping          ||     3
